 Dungeon Sprint DCSS version 0.26-a0-1177-g1209ec82b9 (webtiles) character file.

Game seed: 1621468650088357193

1461 reriks the Fighter (level 8, -3/59 HPs)
             Began as a Gargoyle Berserker on Dec 25, 2020.
             Was an Elder of Trog.
             Slain by a hornet (11 damage)
             ... in the Dungeon (Sprint II: "The Violet Keep of Menkaure").
             The game lasted 00:06:13 (1570 turns).

reriks the Fighter (Gargoyle Berserker)             Turns: 1570, Time: 00:06:13

Health: -3/59      AC: 10    Str: 22    XL:     8   Next: 77%
Magic:  17/17      EV: 15    Int:  4    God:    Trog [****..]
Gold:   155        SH:  5    Dex:  9    Spells: 7/7 levels left

rFire    . . .     SeeInvis .   a - +0 hand axe
rCold    . . .     Faith    .   (no shield)
rNeg     + . .     Spirit   .   b - +0 animal skin
rPois    ∞         Reflect  +   i - +0 helmet
rElec    +         Harm     .   (no cloak)
rCorr    .         Rampage  .   (no gloves)
Will     +++..     NoTele   +   (no boots)
Stlth    +.........             m - amulet of reflection
HPRegen  1.19/turn              l - ring of Taufesm {rElec rPois Will+ MP+9 Int-5}
MPRegen  0.15/turn              (no ring)

@: berserk cooldown, regenerating, slowed, very slow
A: negative energy resistance 1, electricity resistance, unbreathing,
petrification resistance, miasma immunity, AC +5
a: Renounce Religion, Berserk, Trog's Hand, Brothers in Arms


You were in the Dungeon.
You worshipped Trog.
Trog was greatly pleased with you.
You visited 1 branch You collected 972 gold pieces.
You spent 817 gold pieces at shops.

Inventory:

Hand Weapons
 a - a +0 hand axe (weapon)
Armour
 b - a +0 animal skin (worn)
 i - a +0 helmet (worn)
Jewellery
 l - the ring of Taufesm (left hand) {rElec rPois Will+ MP+9 Int-5}
   (You bought it in a shop in the Dungeon)

   [ring of magical power]

   It affects your intelligence (-5).
   It insulates you from electricity.
   It protects you from poison.
   It affects your willpower, your defense against some magical effects.
   It affects your magic capacity (+9).
 m - an amulet of reflection (around neck)
Scrolls
 h - a scroll of blinking
Potions
 c - 3 potions of curing
 d - a potion of heal wounds
 e - a potion of haste
 f - 2 potions of magic
 g - a potion of berserk rage
 j - a potion of cancellation
 k - a potion of might


   Skills:
 + Level 10.9 Fighting
 + Level 9.2 Axes
 + Level 10.6 Armour
 + Level 8.2 Dodging


You had 7 spell levels left.
You didn't know any spells.
Your spell library was empty.

Dungeon Overview and Level Annotations

Branches:
Dungeon (1/1)

Altars:
Cheibriados
Dithmenos
Elyvilon
Fedhas
Gozag
Hepliaklqana
Kikubaaqudgha
Makhleb
Nemelex Xobeh
Okawaru
Qazlal
Ru
Sif Muna
Trog
Uskayaw
Vehumet
Wu Jian
Xom
Yredelemnul
Zin
The Shining One
Beogh
Jiyva
Lugonu

Shops:
D ?[:[(==((!:}![(

Annotations:
D exclusion: oklob plant


Innate Abilities, Weirdness & Mutations

You are resistant to torment.
Your stone body is resilient. (AC +5)
You are immune to poison.
You resist negative energy. (rN+)
You are resistant to electric shocks. (rElec)
You can survive without breathing.
You are immune to petrification.
You are immune to miasma.


Message History

You slash the hornet!
The hornet is heavily wounded.
The hornet barely misses you. The hornet closely misses you.
You hit the hornet.
The hornet is severely wounded.
The hornet stings you!
* * * LOW HITPOINT WARNING * * *
You hit the hornet but do no damage.
The hornet is severely wounded.
The hornet stings you.
* * * LOW HITPOINT WARNING * * *
The hornet stings you!
* * * LOW HITPOINT WARNING * * *
You closely miss the hornet.
The hornet is heavily wounded.
The hornet completely misses you. You block the hornet's attack.
You hit the hornet but do no damage.
The hornet is heavily wounded.
The hornet stings you!
You die... #..#....# ...# #.####..## #..# .# $($ +###.##..# +..# .# ?[? .##...#..# #..# .# $$(?

<.'.#.+..### ..##.#▓($[$
.##.).#....###...##▓▓▓▓▓
'###.##......§≈≈c≈≈≈≈≈≈≈
#.####≈≈...§.≈#y########
##.#≈≈≈≈≈§§..≈#_@_._...#
.###≈≈≈§§§§≈.≈#._._._._#
'##≈≈≈≈≈§≈≈≈≈≈#_._._._.#
≈≈≈≈≈§≈§§≈§≈≈≈#._._._._#
#+++#≈≈§≈§≈≈≈≈#.._._._.#
;;§§##≈§§###§≈#..._._._#
§≈§§§##§≈# #≈§#...._._.#
≈§§≈§§+≈§# #≈≈#....._..#
≈≈§§≈##§≈§


You could see a yaktaur and a hornet.

Vanquished Creatures
  A merfolk siren (D)
  3 polar bears (D)
  Menkaure (D)
  4 necrophages (D)
  A scorpion (D)
  3 worms (D)
13 creatures vanquished.

Vanquished Creatures (others)
  A water moccasin (D)
1 creature vanquished.

Grand Total: 14 creatures vanquished

Notes
Turn   | Place    | Note
-------+----------+-------------------------------------------
     0 | D        | reriks the Gargoyle Berserker began the quest for the Orb.
     0 | D        | Reached XP level 1. HP: 14/14 MP: 1/1
     1 | D        | Noticed a necrophage
     1 | D        | Noticed a necrophage
     1 | D        | Noticed a necrophage
     1 | D        | Noticed a necrophage
     5 | D        | Killed a necrophage
     6 | D        | Reached skill level 5 in Fighting
     6 | D        | Reached skill level 5 in Armour
     6 | D        | Reached XP level 2. HP: 22/22 MP: 2/2
     6 | D        | Reached XP level 3. HP: 27/27 MP: 3/3
     6 | D        | Reached XP level 4. HP: 32/32 MP: 4/4
    11 | D        | Killed a necrophage
    12 | D        | Reached skill level 5 in Axes
    12 | D        | Reached XP level 5. HP: 37/37 MP: 5/5
    19 | D        | Killed a necrophage
    19 | D        | Reached ** piety under Trog
    20 | D        | Reached skill level 5 in Dodging
    20 | D        | Reached XP level 6. HP: 44/44 MP: 6/6
    30 | D        | Killed a necrophage
    48 | D        | Killed a water moccasin
   114 | D        | Noticed a merfolk siren
   133 | D        | Killed a merfolk siren
   134 | D        | Reached XP level 7. HP: 45/51 MP: 7/7
   148 | D        | Reached *** piety under Trog
   170 | D        | Noticed a boulder beetle
   170 | D        | Noticed a boulder beetle
   183 | D        | Found Ophuuset's Book Emporium.
   184 | D        | Found Cabint Maba's Antique Weapon Shoppe.
   496 | D        | Found Gelituh's Weapon Shoppe.
   496 | D        | Found Zyekets's Distillery.
   502 | D        | Found Kusiroxa's Jewellery Shoppe.
   502 | D        | Found Likenlipn's Jewellery Emporium.
   502 | D        | Found Askofydd's Antique Weapon Emporium.
   502 | D        | Found Dupachon's Distillery.
   503 | D        | Found Bajicwech's Gadget Shoppe.
   504 | D        | Found Kiam's Antique Armour Shoppe.
   506 | D        | Found Idysau's Antique Weapon Emporium.
   506 | D        | Found Lilo's Antique Armour Shoppe.
   506 | D        | Noticed Menkaure
   506 | D        | Noticed a fire dragon
   506 | D        | Noticed an oklob plant
   533 | D        | Killed Menkaure
   533 | D        | Reached **** piety under Trog
   534 | D        | Reached XP level 8. HP: 57/57 MP: 8/8
   788 | D        | Noticed an ice statue
   817 | D        | Noticed an iron elemental
   823 | D        | Found Yveocw's Antique Armour Shoppe.
   823 | D        | Found Baigreagh's Magic Scroll Emporium.
   823 | D        | Found Zacair's Book Shoppe.
   826 | D        | Bought a potion of curing for 30 gold pieces
   826 | D        | Bought a potion of curing for 30 gold pieces
   826 | D        | Bought a potion of cancellation for 80 gold pieces
   831 | D        | Bought a potion of might for 44 gold pieces
   834 | D        | Noticed a cane toad
   834 | D        | Noticed a cane toad
   836 | D        | Bought the ring of Taufesm {rElec rPois Will+ MP+9 Int-5}
                  | for 333 gold pieces
   836 | D        | Bought an uncursed amulet of reflection for 300 gold pieces
  1513 | D        | Found an iron altar of Okawaru.
  1513 | D        | Found an opulent altar of Gozag.
  1514 | D        | Found a sparkling altar of Nemelex Xobeh.
  1514 | D        | Found a blossoming altar of Fedhas.
  1521 | D        | Found a radiant altar of Vehumet.
  1521 | D        | Found a burning altar of Makhleb.
  1521 | D        | Found a white marble altar of Elyvilon.
  1522 | D        | Found a hide-covered altar of Uskayaw.
  1522 | D        | Found a corrupted altar of Lugonu.
  1522 | D        | Found a shadowy altar of Dithmenos.
  1523 | D        | Found a glowing silver altar of Zin.
  1523 | D        | Found a bloodstained altar of Trog.
  1523 | D        | Found an ancient bone altar of Kikubaaqudgha.
  1524 | D        | Found a basalt altar of Yredelemnul.
  1524 | D        | Found a shimmering blue altar of Sif Muna.
  1524 | D        | Found a viscous altar of Jiyva.
  1525 | D        | Found a shimmering altar of Xom.
  1525 | D        | Found a sacrificial altar of Ru.
  1527 | D        | Found a glowing golden altar of the Shining One.
  1527 | D        | Found an ornate altar of the Wu Jian Council.
  1527 | D        | Found a stormy altar of Qazlal.
  1527 | D        | Found a snail-covered altar of Cheibriados.
  1527 | D        | Found a hazy altar of Hepliaklqana.
  1527 | D        | Noticed a hornet
  1527 | D        | Noticed a polar bear
  1527 | D        | Noticed a polar bear
  1527 | D        | Noticed a polar bear
  1528 | D        | Found a roughly hewn altar of Beogh.
  1528 | D        | Noticed a yaktaur
  1542 | D        | Killed a polar bear
  1543 | D        | Reached skill level 10 in Fighting
  1543 | D        | Reached skill level 10 in Armour
  1545 | D        | Killed a polar bear
  1554 | D        | Killed a polar bear
  1570 | D        | Slain by a hornet

Illustrated notes

Levels and vault maps discovered:
D:        the_violet_keep_of_menkaure [sprint2_stairs_cluster_1,
          sprint2_shoproom, sprint2_temple, sprint2_basic_supplies,
          sprint2_obstacle_7, sprint2_obstacle_1, sprint2_obstacle_2,
          sprint2_obstacle_6, sprint2_obstacle_3, sprint2_timed_cluster_1,
          sprint2_smallroom_cluster_1, sprint2_smallroom_final_cluster_1,
          sprint2_transparent_cluster_1, sprint2_second_timed_cluster_1,
          sprint2_sniper_area_1, sprint2_heavy_combat_area_1,
          sprint2_mutation_trap_area_1, sprint2_forest_area_1,
          sprint2_light_combat_area_1, sprint2_behind_water_1,
          sprint2_near_end_vault_1]

Skill      XL: |  1  2  3  4  5  6  7  8 |
---------------+-------------------------+-----
Fighting       | 5 6 7 9 10 | 10.9
Axes           | 4 5 6 7 8 9 |  9.2
Armour         | 5 6 7 9 10 | 10.6
Dodging        | 3 4 5 7 8 |  8.2

Action                   |  1- 3 |  4- 6 |  7- 9 || total
-------------------------+-------+-------+-------++-------
Melee: Hand axe          |     3 |    40 |    86 ||   129
Invok: Berserk           |     1 |       |     5 ||     6
       Trog's Hand       |       |     1 |     6 ||     7
Armor: Animal skin       |       |     6 |    18 ||    24
Dodge: Dodged            |       |    13 |    63 ||    76
Block: Other             |       |       |    10 ||    10

Table legend: (Time is in decaauts)
 A = Elapsed time spent in this place.
 B = Non-inter-level travel time spent in this place.
 C = Inter-level travel time spent in this place.
 D = Time resting spent in this place.
 E = Time spent auto-exploring this place.
 F = Levels seen in this place.
 G = Mean time per level.
                   A        B        C        D        E       F      G
               +--------+--------+--------+--------+--------+-----+--------+
         Total |   1654 |   1654 |      0 |   1197 |     42 |   1 | 1654.0 |
       Dungeon |   1654 |   1654 |      0 |   1197 |     42 |   1 | 1654.0 |
               +--------+--------+--------+--------+--------+-----+--------+

Top non-repeatable levels by time:
       D: 1654 daAuts
